 Dungeon Crawl Stone Soup version 0.30-a0-25-gacc37e2db0 (webtiles) character file.

Game seed: 7640574008746890834

94 Pludal the Vexing (level 4, -2/21 HPs)
             Began as a Spriggan Enchanter on Aug 25, 2022.
             Slain by an orc
             ... wielding a +0 whip
              (3 damage)
             ... on level 2 of the Dungeon.
             The game lasted 00:02:44 (1942 turns).

Pludal the Vexing (Spriggan Enchanter)              Turns: 1942, Time: 00:02:45

Health: -2/21      AC:  2    Str:  6    XL:     4   Next: 38%
Magic:  1/11       EV: 17    Int: 16    God:
Gold:   113        SH:  0    Dex: 15    Spells: 4/12 levels left

rFire   . . .      SeeInvis +    g - +1 dagger (venom)
rCold   . . .      Faith    .    (no shield)
rNeg    . . .      Spirit   .    b - +0 robe
rPois   .          Reflect  .    (helmet restricted)
rElec   .          Harm     .    (no cloak)
rCorr   .          Rampage  .    (gloves unavailable)
Will    .....                    (boots unavailable)
Stlth   +++.......               (no amulet)
HPRegen 0.07/turn                (no ring)
MPRegen 0.12/turn                (no ring)

@: very slightly contaminated, very quick
A: very small, no large weapons, unfitting armour, see invisible, speed 3
a: no special abilities


You were on level 2 of the Dungeon.
You visited 1 branch of the dungeon, and saw 2 of its levels.

You collected 113 gold pieces.

Inventory:

Hand Weapons
 a - a +1 dagger
 g - a +1 dagger of venom (weapon)
Armour
 b - a +0 robe (worn)
Potions
 c - 2 potions of invisibility
 d - a potion of attraction {unknown}
 e - 2 potions of lignification {unknown}
 f - 3 potions of haste {unknown}
 h - a potion of flight {unknown}
 i - a potion of curing {unknown}
 j - a potion of heal wounds {unknown}


   Skills:
 - Level 1.1 Short Blades
 - Level 2.6 Dodging
 - Level 4.4 Stealth
 + Level 4.5 Spellcasting
 + Level 5.1 Hexes


You had 4 spell levels left.
You knew the following spells:

 Your Spells              Type           Power      Damage    Failure   Level
a - Ensorcelled Hibernat  Hex/Ice        22%        N/A       9%          2
b - Tukima's Dance        Hex            20%        N/A       6%          3
d - Confusing Touch       Hex            20%        N/A       6%          3

Your spell library contained the following spells:

 Spells                   Type           Power      Damage    Failure   Level
 Dazzling Flash           Conj/Hex       22%        N/A       17%         3


Dungeon Overview and Level Annotations

Branches:
Dungeon (2/15)

Altars:


Innate Abilities, Weirdness & Mutations

You are very small and have problems with some larger weapons.
You are too small for most types of armour.
You have supernaturally acute eyesight. (SInv)
You cover ground extremely quickly. (Speed+++)


Message History

* * * LOW HITPOINT WARNING * * *
The orc priest hits you with a +0 hand axe.
* * * LOW HITPOINT WARNING * * *
The orc misses you.
Casting: Ensorcelled Hibernation (safe; 9% risk of failure)
Confirm with . or Enter, or press ? or * to list all spells.
Aiming: Ensorcelled Hibernation (safe; 9% risk of failure)
Press: ? - help, Shift-Dir - straight line, f/p - orc priest
Aim: an orc priest, wielding a +0 short sword and wearing a +0 leather armour (chance to affect: 45%)
The orc priest looks drowsy...
The orc priest misses you. The orc misses you.
Unknown command.
The helpless orc priest fails to defend itself.
You impale the orc priest!!
You kill the orc priest!
Your Hexes skill increases to level 5!
You have reached level 4!
Casting: Ensorcelled Hibernation (safe; 9% risk of failure)
Confirm with . or Enter, or press ? or * to list all spells.
Aiming: Ensorcelled Hibernation (safe; 9% risk of failure)
Press: ? - help, Shift-Dir - straight line, f - orc priest
Aim: an orc priest, wielding a +0 hand axe (chance to affect: 45%)
The orc priest resists with some effort.
The orc priest completely misses you.
A rat comes into view.
The orc misses you.
Casting: Ensorcelled Hibernation (safe; 9% risk of failure)
Confirm with . or Enter, or press ? or * to list all spells.
You don't have enough magic to cast this spell.
Unknown command.
Unknown command.
You hit the orc priest.
The orc priest is poisoned.
The orc priest is lightly wounded.
The orc priest hits you with a +0 hand axe.
* * * LOW HITPOINT WARNING * * *
The orc barely misses you. x2
You hit the orc priest.
The orc priest looks even sicker.
The orc priest is moderately wounded.
The orc priest completely misses you. The orc barely misses you.
The orc hits you with a +0 whip.
You die...

....#.#...#######..
.........###.⌠$## .
.........##.....##
....#.#..#.......#
..##..#..#.).....#
#..#.##..#.......#
##.#.##..#...)...#
#...##..#.......#
##..## #.#.....o@#
##..# #.#.....oo#..#
##### #..............
.# ###............
.##########..#.##.....
............##..#...r.
#########..####.......
..............###......
...##########..# .....


You could see an orc priest (very poisoned), 2 orcs and a rat.

Vanquished Creatures
  An orc priest (D:2)
  An orc wizard (D:2)
  2 dart slugs (D:1)
  An orc (D:2)
  2 endoplasms (D:2)
  4 goblins
  4 hobgoblins
  4 jackals (D:1)
  6 ball pythons
  5 bats
  3 kobolds
  3 rats
36 creatures vanquished.

Notes
Turn   | Place    | Note
-------+----------+-------------------------------------------
     0 | D:1      | Pludal the Spriggan Enchanter began the quest for the Orb.
     0 | D:1      | Reached XP level 1. HP: 9/9 MP: 5/5
   334 | D:1      | Reached skill level 4 in Hexes
   453 | D:1      | Reached XP level 2. HP: 10/13 MP: 7/7
   456 | D:1      | Learned a level 2 spell: Ensorcelled Hibernation
  1070 | D:1      | Found a faded altar of an unknown god.
  1297 | D:2      | Reached XP level 3. HP: 5/16 MP: 9/9
  1301 | D:2      | Learned a level 3 spell: Tukima's Dance
  1305 | D:2      | Learned a level 3 spell: Confusing Touch
  1940 | D:2      | Reached skill level 5 in Hexes
  1940 | D:2      | Reached XP level 4. HP: 5/21 MP: 3/11
  1941 | D:2      | HP: 1/21 [orc priest/+0 hand axe (4)]
  1942 | D:2      | Slain by an orc

Illustrated notes

Levels and vault maps discovered:
D:1:      nzn_arrival_crosshair, layout_basic, nicolae_ecumenical_snake_handling
D:2:      cheibrodos_pilgrimage, layout_rooms, basic_altar, kennysheep_path_1,
          uniq_natasha

Skill      XL: |  1  2  3 |
---------------+----------+-----
Spellcasting   | 3 4 |  4.5
Hexes          | 4 5 |  5.1
Short Blades   | |  1.1
Dodging        | |  2.6
Stealth        | |  4.4

Action                   |  1- 3 |  4- 6 || total
-------------------------+-------+-------++-------
Melee: Dagger            |   102 |     2 ||   104
 Cast: Ensorcelled Hiber |     4 |     1 ||     5
       Tukima's Dance    |     1 |       ||     1
  Use: Scroll            |     2 |       ||     2
 Stab: Sleeping          |     8 |       ||     8
Armor: Robe              |    19 |       ||    19
Dodge: Dodged            |    76 |     6 ||    82

Table legend: (Time is in decaauts)
 A = Elapsed time spent in this place.
 B = Non-inter-level travel time spent in this place.
 C = Inter-level travel time spent in this place.
 D = Time resting spent in this place.
 E = Time spent auto-exploring this place.
 F = Levels seen in this place.
 G = Mean time per level.
                   A        B        C        D        E       F      G
               +--------+--------+--------+--------+--------+-----+--------+
         Total |   1541 |   1518 |     23 |      0 |   1269 |   2 |  770.5 |
       Dungeon |   1541 |   1518 |     23 |      0 |   1269 |   2 |  770.5 |
               +--------+--------+--------+--------+--------+-----+--------+

Top non-repeatable levels by time:
     D:1: 974 daAuts
     D:2: 567 daAuts
